AoeStats
← merakudo

Arabia

510568509Analyzed
3v3 RM · 7h ago on Oct 1, 2026· 47m 20s· 6 players
Game mode
Random Map
Map size
Normal (6 player)
Population
200
Speed
Normal
Resources
Standard
Victory
Conquest
Starting age
Dark Age
Ending age
Imperial Age
RankedLock teamsTeams togetherTeam positionsShared explorationLock speedFull tech treeHidden civsTurbo modeCheats
Victory
Defeat
🇪🇸 Franks · Spain
968
+15
🇹🇼 Persians · Taiwan
942
+16
🇪🇸 Tatars · Spain
928
+16
🇧🇪 Saracens · Belgium
953
-16
🇺🇸 Vietnamese · United States
950
-43
🇨🇴 Spanish · Colombia
919
-15
merakudo
10:47 Loom
15:30 Feudal Age
21:56 Wheelbarrow
28:44 Castle Age
WololoJedi
10:18 Feudal Age
9:57 Loom
11:46 Wheelbarrow
11:16 Double-Bit Axe
17:05 Horse Collar
19:46 Gold Mining
19:53 Gold Mining
22:07 Castle Age
19:54 Man-at-Arms
21:01 Stone Mining
21:13 Fletching
22:18 Bloodlines
23:15 Hand Cart
23:30 Heavy Plow
26:33 Pikeman
27:14 Squires
32:11 Stone Shaft Mining
35:20 Forging
35:10 Scale Mail Armor
40:01 Imperial Age
37:17 Town Watch
38:31 Long Swordsman
38:56 Gambesons
38:57 Arson
38:44 Light Cavalry
41:52 Chemistry
40:40 Cavalier
41:46 Conscription
42:04 Onager
43:31 Bow Saw
44:05 Halberdier
44:05 Two-Handed Swordsman
44:48 Husbandry
LON | Trusttheprocess
3:25 Loom
10:28 Feudal Age
14:51 Castle Age
13:36 Double-Bit Axe
13:47 Horse Collar
17:32 Wheelbarrow
17:43 Bow Saw
22:37 Heavy Plow
24:53 Hand Cart
28:44 Imperial Age
26:41 Town Watch
27:08 Gold Mining
28:27 Town Patrol
28:54 Fletching
29:50 Conscription
30:15 Husbandry
30:33 Bodkin Arrow
31:53 Gold Shaft Mining
31:13 Stone Mining
31:35 Pikeman
32:17 Scale Mail Armor
32:28 Forging
32:21 Gambesons
32:36 Squires
34:00 Chain Mail Armor
35:05 Two-Man Saw
34:39 Bloodlines
33:55 Heavy Camel Rider
34:48 Scale Barding Armor
36:06 Ballistics
37:00 Plate Mail Armor
37:05 Iron Casting
37:11 Arson
39:59 Chain Barding Armor
40:39 Blast Furnace
42:43 Plate Barding Armor
45:23 Bracer
civonachi
3:11 Loom
10:15 Feudal Age
17:33 Castle Age
19:01 Double-Bit Axe
19:57 Husbandry
19:56 Town Watch
23:03 Bloodlines
22:55 Horse Collar
25:54 Forging
27:46 Iron Casting
28:52 Scale Barding Armor
32:53 Wheelbarrow
34:28 Heavy Plow
34:21 Gold Mining
37:16 Chain Barding Armor
37:27 Fletching
37:38 Padded Archer Armor
37:50 Murder Holes
38:16 Ballistics
39:15 Bodkin Arrow
rovaal5
7:58 Loom
10:41 Feudal Age
11:09 Double-Bit Axe
18:03 Castle Age
17:53 Gold Mining
19:15 Bow Saw
19:18 Husbandry
20:40 Forging
22:46 Stone Mining
24:23 Wheelbarrow
24:08 Scale Barding Armor
26:07 Hand Cart
26:43 Pikeman
28:07 Squires
34:29 Imperial Age
31:37 Ordonnance Companies
33:08 Iron Casting
34:26 Chain Barding Armor
33:55 Gambesons
34:30 Cavalier
35:56 Gold Shaft Mining
35:55 Conscription
37:29 Chivalry
37:38 Elite Throwing Axeman
39:59 Blast Furnace
41:09 Paladin
45:27 Town Watch
roger777
4:59 Loom
9:48 Feudal Age
13:49 Double-Bit Axe
22:05 Castle Age
20:53 Bloodlines
24:48 Wheelbarrow
26:41 Fletching
27:02 Forging
28:28 Bow Saw
30:49 Scale Barding Armor
32:33 Bodkin Arrow
32:06 Elite Skirmisher
33:48 Hand Cart
34:47 Horse Collar
36:50 Chain Barding Armor
37:07 Heavy Plow
37:23 Herbal Medicine
37:37 Padded Archer Armor
38:27 Thumb Ring
41:20 Imperial Age
39:55 Iron Casting
39:36 Leather Archer Armor
42:11 Cavalier
42:17 Crossbowman
45:10 Ballistics
45:51 Chemistry
47:04 Blast Furnace
Connection lost

Rejoining the realm…

Still unreachable

The connection could not be restored.

Session expired

The server has moved on; the page needs a fresh start.